 Dungeon Crawl Stone Soup version 0.30-a0-748-ge6a52f7cba (webtiles) character file.

Game seed: 13809530999429164520

34 jimonade the Shooter (level 3, -3/24 HPs)
             Began as an Octopode Hunter on Feb 8, 2023.
             Killed from afar by Sigmund (5 damage)
             ... with a magic dart
             ... on level 2 of the Dungeon.
             The game lasted 00:01:36 (1013 turns).

jimonade the Shooter (Octopode Hunter)              Turns: 1013, Time: 00:01:37

Health: -3/24      AC:  1    Str: 10    XL:     3   Next: 31%
Magic:  3/3        EV: 13    Int: 11    God:
Gold:   111        SH:  0    Dex: 17    Spells: 2/2 levels left

rFire   . . .      SeeInvis .    a - +0 shortbow
rCold   . . .      Faith    .    (shield currently unavailable)
rNeg    . . .      Spirit   .    (helmet restricted)
rPois   .          Reflect  .    (no amulet)
rElec   .          Harm     .    (no ring)
rCorr   .          Rampage  .    (no ring)
Will    .....                    (no ring)
Stlth   +++                      (no ring)
HPRegen 0.24/turn                (no ring)
MPRegen 0.08/turn                (no ring)
                                 (no ring)
                                 (no ring)

@: no status effects
A: almost no armour, amphibious, 8 rings, camouflage 1, gelatinous body 1,
(nimble swimmer 1), tentacles
a: no special abilities


You were on level 2 of the Dungeon.
You visited 1 branch of the dungeon, and saw 2 of its levels.

You collected 111 gold pieces.

Inventory:

Hand Weapons
 a - a +0 shortbow (weapon)
Missiles
 e - 4 poisoned darts
Scrolls
 b - a scroll of immolation
 c - a scroll of acquirement {unknown}
 f - a scroll of fear {unknown}
 g - a scroll of amnesia {unknown}
Potions
 d - a potion of lignification {unknown}
 h - 2 potions of mutation {unknown}
 i - a potion of curing {unknown}


   Skills:
 + Level 2.0 Fighting
 * Level 5.0 Ranged Weapons
 + Level 2.1 Dodging
 + Level 1.3 Stealth


You had 2 spell levels left.
You didn't know any spells.
Your spell library was empty.

Dungeon Overview and Level Annotations

Branches:
Dungeon (2/15)

Altars:

Annotations:
D:2 Sigmund


Innate Abilities, Weirdness & Mutations

You cannot wear most types of armour.
You are amphibious.
You can wear up to eight rings at the same time.
Your skin changes colour to match your surroundings (Stealth+).
Your rubbery body absorbs attacks. (AC +1, EV +1)
((You are camouflaged when in or above water. (Stealth+)))
You have tentacles for arms and can constrict up to eight enemies at once.


Message History

A magic dart appears from out of thin air!
The magic dart hits you.
You see here a hobgoblin corpse.
You shoot an arrow. The arrow barely misses Sigmund.
You shoot an arrow. The arrow hits Sigmund.
Sigmund is moderately wounded.
Sigmund gestures at you while chanting. You resist with significant effort.
You shoot an arrow. The arrow closely misses Sigmund.
Sigmund gestures at you while chanting. You resist with significant effort.
You shoot an arrow.
The arrow hits Sigmund but does no damage.
Sigmund is moderately wounded.
You shoot an arrow. The arrow barely misses Sigmund.
Sigmund misses you.
You shoot an arrow. The arrow hits Sigmund.
Sigmund is moderately wounded.
Sigmund misses you.
You shoot an arrow. The arrow closely misses Sigmund.
Sigmund closely misses you.
You shoot an arrow. The arrow hits Sigmund.
Sigmund is moderately wounded.
Sigmund hits you from afar with a +0 scythe!
You shoot an arrow. The arrow closely misses Sigmund.
You shoot an arrow.
The arrow hits Sigmund but does no damage.
Sigmund is moderately wounded.
Sigmund hits you from afar with a +0 scythe!
Ouch! That really hurt!
* * * LOW HITPOINT WARNING * * *
You are too injured to fight recklessly!
You are too injured to fight recklessly!
You are too injured to fight recklessly!
You are too injured to fight recklessly!
You are too injured to fight recklessly!
You are too injured to fight recklessly!
You are too injured to fight recklessly!
Sigmund casts a spell at you. The magic dart hits you.
You die...

########## #........#
#.######.# #.#...<#.#
#.#.####.##
###.#.......#############
................@.†@...>#
###.#†...#..###.#######.#
# #.#.......#...# #.#
###+#.#...#.#.### #.#
......#####(#.# #.#
............#.# #.#
......#######.# #.#
......+<......# #.#
......######### #.#


You could see Sigmund.

Vanquished Creatures
  A worm (D:2)
  2 endoplasms
  A giant cockroach (D:2)
  2 goblins (D:1)
  4 hobgoblins
  2 jackals (D:1)
  2 ball pythons (D:1)
  8 bats (D:1)
  A frilled lizard (D:1)
  2 kobolds
  6 rats
31 creatures vanquished.

Notes
Turn   | Place    | Note
-------+----------+-------------------------------------------
     0 | D:1      | jimonade the Octopode Hunter began the quest for the Orb.
     0 | D:1      | Reached XP level 1. HP: 14/14 MP: 1/1
    99 | D:1      | Reached XP level 2. HP: 14/19 MP: 2/2
   667 | D:2      | Reached XP level 3. HP: 24/24 MP: 3/3
   860 | D:2      | Reached skill level 5 in Ranged Weapons
   962 | D:2      | Noticed Sigmund
  1013 | D:2      | Killed from afar by Sigmund

Illustrated notes

Levels and vault maps discovered:
D:1:      lightli_arrival_statuegarden, layout_basic
D:2:      layout_basic, uniq_sigmund

Skill      XL: |  1  2  3 |
---------------+----------+-----
Ranged Weapons | 5 |  5.0
Fighting       | |  2.0
Dodging        | |  2.1
Stealth        | |  1.3

Action                     || total
---------------------------++-------
   Fire: Shortbow          ||    92
 Armour: Skin              ||     6
  Dodge: Dodged            ||    28

Table legend: (Time is in decaauts)
 A = Elapsed time spent in this place.
 B = Non-inter-level travel time spent in this place.
 C = Inter-level travel time spent in this place.
 D = Time resting spent in this place.
 E = Time spent auto-exploring this place.
 F = Levels seen in this place.
 G = Mean time per level.
                   A        B        C        D        E       F      G
               +--------+--------+--------+--------+--------+-----+--------+
         Total |   1037 |   1025 |     12 |      0 |    803 |   2 |  518.5 |
       Dungeon |   1037 |   1025 |     12 |      0 |    803 |   2 |  518.5 |
               +--------+--------+--------+--------+--------+-----+--------+

Top non-repeatable levels by time:
     D:1: 650 daAuts
     D:2: 386 daAuts
